Map: Proxima Station LE

Players

liquidthermy (uThermal)

  • Race: Terran Terran
  • League: Master
  • Spawn Location: 1:00

Zest - Winner!

  • Race: Protoss Protoss
  • League: Master
  • Spawn Location: 7:00

Event: HomeStory Cup XV

VOD

Have the link to the VOD?

Description

Time

  • Played on: July 23, 2017, 12:46 p.m.
  • Length: 9:14

All games in this series

Show
View Real Time Build Order
Export as new Build Order

liquidthermy Terran 

Build Orders: Cyclone Opening, Reaper Expand 

Get SALT Encoding   

  12  0:02  SCV  
  13  0:14  SCV  
  14  0:19  Supply Depot  
  14  0:26  SCV  
  14  0:27  Refinery  
  15  0:40  SCV  
  16  0:45  Barracks  
  16  0:53  SCV  
  17  1:05  SCV  
  18  1:17  SCV  
  19  1:36  Orbital Command, Reaper  
  20  1:50  Command Center  
  20  1:59  Factory  
  20  2:02  SCV  
  20  2:08  Barracks Reactor  
  21  2:15  SCV  
  22  2:21  Refinery, Supply Depot  
  22  2:27  SCV  
  23  2:42  SCV  
  24  2:45  Marine x2, Cyclone  
  29  2:54  SCV  
  30  3:00  Supply Depot  
  30  3:01  Orbital Command  
  30  3:04  Marine  
  30  3:05  Marine  
  32  3:09  SCV  
  32  3:22  SCV  
  32  3:24  Starport  
  33  3:30  SCV  
  34  3:34  SCV  
  34  3:39  Widow Mine x2  
  39  3:42  SCV  
  39  3:44  Marine  
  41  3:55  Engineering Bay  
  41  3:56  SCV x2  
  41  4:01  Medivac  
  45  4:07  Widow Mine  
  45  4:08  SCV x2, Widow Mine  
  51  4:15  Supply Depot  
  51  4:19  Barracks Tech Lab  
  51  4:20  SCV  
  51  4:21  Missile Turret  
  52  4:25  SCV  
  52  4:26  Missile Turret  
  53  4:33  SCV  
  53  4:37  SCV  
  53  4:42  Medivac, Widow Mine x2  
  53  4:45  SCV  
  59  4:50  Marine  
  59  4:51  Stimpack, Supply Depot  
  59  4:52  SCV  
  61  4:57  SCV  
  62  5:06  Command Center  
  62  5:12  SCV x2  
  64  5:23  Widow Mine x2  
  64  5:24  Medivac  
  64  5:27  Terran Infantry Weapons Level 1  
  64  5:28  Supply Depot  
  70  5:30  SCV x2  
  70  5:48  Barracks  
  70  5:49  SCV x2, Barracks  
  72  5:50  Refinery, Supply Depot  
  72  5:51  Refinery  
  72  5:54  Widow Mine x2  
  74  6:01  Supply Depot  
  74  6:02  SCV x2  
  74  6:03  Marine  
  75  6:13  Barracks  
  75  6:14  SCV  
  75  6:15  Barracks  
  75  6:16  SCV  
  77  6:21  Marine  
  77  6:24  SCV  
  77  6:26  SCV  
  77  6:30  SCV  
  79  6:33  Widow Mine x2  
  79  6:34  Medivac  
  79  6:39  SCV  
  86  6:44  Orbital Command  
  86  6:45  Barracks Tech Lab x2  
  84  6:49  Supply Depot  
  84  6:50  SCV  
  84  6:51  SCV  
  82  7:02  SCV  
  82  7:03  Missile Turret  
  83  7:09  Concussive Shells  
  83  7:10  Starport Reactor  
  83  7:12  Marine  
  83  7:15  SCV x2  
  84  7:17  Orbital Command  
  84  7:18  Factory Tech Lab  
  84  7:21  Marine x3  
  87  7:23  Barracks Reactor  
  87  7:27  SCV x2, Barracks  
  87  7:28  Barracks  
  87  7:29  Barracks  
  89  7:30  Sensor Tower  
  88  7:38  Siege Tank  
  88  7:39  Marine, SCV x2  
  88  7:42  Barracks Reactor  
  91  7:44  Marine, SCV  
  91  7:48  Medivac x2  
  97  7:51  SCV x2  
  97  7:52  Marine  
  97  7:56  Marine  
  97  7:57  SCV  
  102  7:59  Marine x2  
  102  8:00  Refinery  
  102  8:01  Factory  
  102  8:03  Marine  
  102  8:04  Supply Depot  
  105  8:06  SCV  
  105  8:07  SCV  
  105  8:10  Marine  
  105  8:11  SCV  
  107  8:18  SCV, Marine x2  
  107  8:19  Marine x2, SCV  
  95  8:23  Supply Depot  
  95  8:26  Marine x3  
  90  8:29  Marine  
  90  8:30  Marine  
  90  8:32  Marine  
  87  8:36  Marine x2  
  84  8:42  Marine x2  
  84  8:44  Marine x2  
  84  8:47  Marine  
  83  8:49  Marine  
  83  8:51  Marine  
Show
View Real Time Build Order
Export as new Build Order

Zest Protoss - Winner!

Build Orders: 1 Gate Expand, Oracle Opening 

Get SALT Encoding   

  12  0:01  Probe (Chrono Boost)  
  13  0:11  Probe (Chrono Boost)  
  14  0:17  Pylon  
  14  0:22  Probe (Chrono Boost)  
  15  0:35  Probe (Chrono Boost)  
  16  0:38  Gateway  
  16  0:46  Probe (Chrono Boost)  
  16  0:47  Assimilator  
  17  0:56  Probe (Chrono Boost)  
  18  1:07  Probe (Chrono Boost)  
  19  1:21  Nexus  
  19  1:32  Cybernetics Core  
  19  1:35  Probe (Chrono Boost)  
  20  1:41  Assimilator  
  20  1:46  Probe (Chrono Boost)  
  21  1:51  Pylon  
  21  1:56  Probe (Chrono Boost)  
  22  2:09  Mothership Core (Chrono Boost), Adept  
  22  2:15  Warp Gate  
  26  2:28  Probe (Chrono Boost)  
  27  2:33  Probe (Chrono Boost)  
  28  2:39  Probe (Chrono Boost)  
  28  2:40  Pylon  
  28  2:43  Stargate  
  29  2:45  Probe (Chrono Boost)  
  29  2:49  Probe (Chrono Boost)  
  31  2:56  Probe (Chrono Boost)  
  32  3:00  Probe (Chrono Boost)  
  33  3:06  Probe (Chrono Boost)  
  33  3:10  Probe (Chrono Boost)  
  35  3:17  Probe (Chrono Boost)  
  36  3:24  Probe (Chrono Boost)  
  37  3:27  Oracle (Chrono Boost)  
  37  3:32  Probe, Gateway x2  
  39  3:36  Probe  
  40  3:42  Probe  
  43  3:48  Mothership Core  
  43  3:50  Pylon  
  43  3:53  Probe  
  44  4:03  Probe  
  44  4:08  Oracle (Chrono Boost), Nexus  
  48  4:12  Pylon  
  48  4:14  Probe  
  49  4:24  Probe  
  49  4:26  Probe  
  50  4:38  Probe  
  50  4:39  Probe, Phoenix (Chrono Boost)  
  54  4:48  Adept  
  54  4:49  Adept x2  
  54  4:51  Assimilator  
  54  4:52  Pylon, Assimilator  
  60  4:53  Probe  
  60  4:54  Probe  
  60  4:57  Twilight Council  
  62  5:02  Forge  
  62  5:07  Pylon  
  62  5:10  Probe  
  62  5:11  Probe  
  64  5:20  Phoenix (Chrono Boost)  
  66  5:27  Probe  
  68  5:28  Probe  
  67  5:39  Adept  
  67  5:40  Phoenix (Chrono Boost)  
  71  5:43  Probe x2  
  71  5:49  Probe  
  73  5:50  Protoss Ground Armor Level 1 (Chrono Boost)  
  74  5:58  Gateway  
  74  5:59  Gateway  
  74  6:01  Gateway  
  74  6:03  Gateway x2  
  74  6:04  Pylon  
  74  6:05  Charge (Chrono Boost)  
  74  6:12  Probe x2  
  74  6:14  Zealot, Sentry  
  74  6:16  Pylon  
  80  6:23  Pylon  
  80  6:25  Photon Cannon  
  78  6:32  Photon Cannon  
  78  6:46  Probe x2  
  78  6:51  Probe, Phoenix  
  81  6:58  Probe  
  81  7:00  Photon Cannon  
  82  7:04  Probe  
  82  7:06  Probe  
  83  7:20  Zealot x3  
  87  7:36  Zealot x5  
  97  7:39  Probe  
  97  7:41  Probe x2  
  98  7:45  Zealot x3  
  98  7:48  Phoenix  
  106  7:53  Probe  
  106  7:56  Probe  
  106  7:57  Probe  
  109  8:02  Templar Archives  
  97  8:21  Zealot x7  
  109  8:28  Probe  
  109  8:29  Probe x2  
  112  8:35  Phoenix  
  112  8:38  Zealot  
  113  8:46  Zealot x3  
  113  8:47  Zealot  
  106  9:07  Zealot  
  106  9:08  Zealot x4  
Tags
 
Add a new tag
Caveats
  • Supply blocks, unpowered buildings, or Contaminate may cause inaccurate times.
  • Supply counts are checked every 10 seconds.